 Dungeon Crawl Stone Soup version 0.21-a0-349-g0c35859 (webtiles) character file.

51 tidbits the Skirmisher (level 3, 2/31 HPs)
             Began as a Gnoll Wanderer on Oct 8, 2017.
             Quit the game on level 3 of the Dungeon.
             The game lasted 00:04:04 (577 turns).

tidbits the Skirmisher (Gnoll Wanderer)              Turns: 577, Time: 00:04:04

Health: 2/31       AC:  2    Str: 13    XL:     3   Next: 83%
Magic:  4/4        EV: 12    Int: 19    God:
Gold:   150        SH:  8    Dex: 15    Spells: 3/3 levels left

rFire    . . .     SeeInvis .   a - +2 dagger
rCold    . . .     Gourm    .   D - +0 shield
rNeg     . . .     Faith    .   B - +0 robe
rPois    .         Spirit   .   (helmet restricted)
rElec    .         Reflect  .   (no cloak)
rCorr    .         Harm     .   (no gloves)
MR       .....                  (no boots)
Stlth    +++.......             (no amulet)
HPRegen  0.10/turn              (no ring)
MPRegen  0.09/turn              (no ring)

@: no status effects
A: distributed training, antennae 1, fangs 1, agile 1, clever 1, strong nose
a: no special abilities


You were on level 3 of the Dungeon.
You were not hungry.

You visited 1 branch of the dungeon, and saw 4 of its levels.

You collected 150 gold pieces.

Inventory:

Hand Weapons
 a - a +2 dagger (weapon)
 g - a +0 blowgun
Missiles
 h - 21 poisoned needles
 j - 19 arrows
Armour
 d - a +0 ring mail
 k - a +0 buckler
 B - a +0 robe (worn)
 D - a +0 shield (worn)
Scrolls
 b - a scroll of fear
 i - a scroll of enchant armour {unknown}
 l - a scroll of blinking {unknown}
 m - a scroll of teleportation {unknown}
 o - a scroll of recharging {unknown}
Potions
 c - a potion of lignification
 e - 2 potions of flight
Comestibles
 f - 3 bread rations
 n - 2 fruits


   Skills:
 + Level 4.5 Fighting
 + Level 4.5 Short Blades
 + Level 0.9 Long Blades
 + Level 0.9 Axes
 + Level 0.9 Maces & Flails
 + Level 0.9 Polearms
 + Level 0.9 Staves
 + Level 0.9 Slings
 + Level 0.9 Bows
 + Level 0.9 Crossbows
 + Level 2.6 Throwing
 + Level 0.9 Armour
 + Level 4.5 Dodging
 + Level 4.2 Stealth
 + Level 2.6 Shields
 + Level 0.9 Unarmed Combat
 + Level 0.9 Spellcasting
 + Level 0.9 Conjurations
 + Level 0.9 Hexes
 + Level 0.9 Charms
 + Level 0.9 Summonings
 + Level 0.9 Necromancy
 + Level 0.9 Translocations
 + Level 0.9 Transmutations
 + Level 0.9 Fire Magic
 + Level 0.9 Ice Magic
 + Level 0.9 Air Magic
 + Level 0.9 Earth Magic
 + Level 0.9 Poison Magic
 + Level 0.9 Invocations
 + Level 0.9 Evocations


You had 3 spell levels left.
You didn't know any spells.

Dungeon Overview and Level Annotations

Branches:
Dungeon (4/15)
 Temple: D:4-7

Altars:
Kikubaaqudgha

Shops:
D:4 =


Innate Abilities, Weirdness & Mutations

Your experience applies equally to all skills.
You have very sharp teeth.
Your uncanny sense of smell can sniff out nearby items.
You have a pair of small antennae on your head.
You are agile. (Dex +2)
Your mind is acute. (Int +2)


Message History

You see here a jackal corpse.
There is a stone staircase leading down here.
You climb downwards. 2 orcs come into view.
Found 14 gold pieces and a scroll labeled ISEQIZ RUZI.
Found Yhuopu's Jewellery Shoppe.
Found two stone staircases leading down and a stone staircase leading up.
There is a stone staircase leading up here.
The orc shouts!
The orc closely misses you.
The orc shouts!
There is an entrance to Yhuopu's Jewellery Shoppe here.
You can access your shopping list by pressing '$'.
You hit the orc.
The orc is lightly wounded.
You hit the orc.
The orc is moderately wounded.
The orc barely misses you. The orc hits you with a flail!
* * * LOW HITPOINT WARNING * * *
You hit the orc.
The orc is almost dead.
You block the orc's attack. x2
You closely miss the orc.
The orc is almost dead.
You hit the orc.
You kill the orc!
You block the orc's attack.
You barely miss the orc. You block the orc's attack.
You hit the orc.
The orc is heavily wounded.
You hit the orc.
The orc is almost dead.
The orc hits you with a flail!
* * * LOW HITPOINT WARNING * * *
You hit the orc.
You kill the orc!
You see here a flail.
Things that are here:
a flail; an orc corpse
There is a stone staircase leading up here.
You climb upwards.
A quokka comes into view.
There is a stone staircase leading down here.
The helpless quokka fails to defend itself.
You impale the quokka!!
You kill the quokka!
There is a stone staircase leading down here.
You climb downwards.
There is a stone staircase leading up here.
There is an entrance to Yhuopu's Jewellery Shoppe here.
You see here a flail.
You now have 150 gold pieces (gained 14).
o - a scroll labeled ISEQIZ RUZI
There is a stone staircase leading up here.
You climb upwards.
There is a stone staircase leading down here.
A frilled lizard comes into view.
The frilled lizard hisses angrily.
The frilled lizard closely misses you.
A frilled lizard comes into view.
You hit the frilled lizard.
You kill the frilled lizard!
You miss the frilled lizard. You bite the frilled lizard.
The frilled lizard is heavily wounded.
The frilled lizard closely misses you.
You hit the frilled lizard but do no damage.
The frilled lizard is heavily wounded.
The frilled lizard completely misses you.
You hit the frilled lizard.
You kill the frilled lizard!
An orc comes into view. It is wielding a short sword.
The orc throws a tomahawk.
You block the tomahawk.
The orc throws a tomahawk.
The tomahawk barely misses you. The orc hits you with a short sword.
* * * LOW HITPOINT WARNING * * *
You hit the orc.
The orc is heavily wounded.
You block the orc's attack.
Your shield prevents you from hitting the orc.
The orc is heavily wounded.
You block the orc's attack.
You hit the orc but do no damage.
The orc is heavily wounded.
You hit the orc but do no damage.
The orc is heavily wounded.
The orc hits you with a short sword.
* * * LOW HITPOINT WARNING * * *
You barely miss the orc.
The orc is heavily wounded.
You block the orc's attack.
You hit the orc.
The orc is severely wounded.
The orc hits you with a short sword.
* * * LOW HITPOINT WARNING * * *
You hit the orc.
The orc is almost dead.
You block the orc's attack.
You hit the orc.
You kill the orc!
Are you sure you want to abandon this character and quit the game? (Confirm with "yes".)

.# #.# #.# # #.#
#. #.# #.##.#
#.)..# #@.#
{#..### #....#
####(# #....# #
#..### #.#..#
###
#....###.#######
##.#............


There were no monsters in sight!

Vanquished Creatures
  An adder (D:2)
  2 worms (D:2)
  A leopard gecko (D:3)
  3 orcs
  2 giant cockroaches (D:1)
  3 goblins
  A hobgoblin (D:1)
  6 jackals
  3 kobolds
  A quokka (D:3)
  3 bats
  3 frilled lizards
  A rat (D:2)
  2 fungi (D:1)
32 creatures vanquished.

Notes
Turn   | Place    | Note
-------+----------+-------------------------------------------
     0 | D:1      | tidbits the Gnoll Wanderer began the quest for the Orb.
     0 | D:1      | tidbits set off with: a +2 dagger, a scroll of fear, a potion of lignification, a +0 buckler, a +0 robe, a bread ration
     0 | D:1      | Reached XP level 1. HP: 20/20 MP: 1/1
   164 | D:2      | Reached XP level 2. HP: 21/26 MP: 2/2
   285 | D:2      | Gained mutation: You are frail. (-10% HP) [potion of mutation]
   285 | D:2      | Gained mutation: You are resistant to electric shocks. (rElec) [potion of mutation]
   285 | D:2      | Gained mutation: You evolve. [potion of mutation]
   286 | D:2      | Lost mutation: You are frail. (-10% HP) [potion of mutation]
   286 | D:2      | Lost mutation: You are resistant to electric shocks. (rElec) [potion of mutation]
   286 | D:2      | Lost mutation: You evolve. [potion of mutation]
   286 | D:2      | Gained mutation: You are occasionally teleported next to monsters. [potion of mutation]
   286 | D:2      | Gained mutation: You have a pair of small antennae on your head. [potion of mutation]
   286 | D:2      | Gained mutation: You are clumsy. (Dex -2) [potion of mutation]
   286 | D:2      | Gained mutation: Your muscles are strong. (Str +2) [potion of mutation]
   290 | D:2      | Lost mutation: Your muscles are strong. (Str +2) [potion of mutation]
   290 | D:2      | Lost mutation: You are occasionally teleported next to monsters. [potion of mutation]
   290 | D:2      | Lost mutation: You are clumsy. (Dex -2) [potion of mutation]
   290 | D:2      | Gained mutation: Your mind is acute. (Int +2) [potion of mutation]
   290 | D:2      | Gained mutation: You are agile. (Dex +2) [potion of mutation]
   299 | D:2      | Reached XP level 3. HP: 24/31 MP: 3/3
   437 | D:3      | Found an ancient bone altar of Kikubaaqudgha.
   506 | D:4      | Found Yhuopu's Jewellery Shoppe.
   574 | D:3      | HP: 1/31 [orc/short sword (3)]
   577 | D:3      | Quit the game

Vault maps used:
D:1:      roderic_crossed_star, minmay_gold_behind_fungi, minmay_tripent
D:2:      minitemple
D:3:      kiku_gazebo_garden_becter, first_bread, kennysheep_doodads,
          nicolae_qazlal_eye_of_the_storm
D:4:      nicolae_overflow_crystal_walls, serial_shops, shop, uniq_eustachio

Action                   || total
-------------------------++-------
Melee: Dagger            ||   167
       Bite              ||    14
  Use: Potion            ||     6
 Stab: Sleeping          ||     3
Armor: Robe              ||     7
Dodge: Dodged            ||    50
Block: Shield            ||    38
       Buckler           ||     2

Table legend:
 A = Spawn XP
 B = Non-spawn XP
 C = Spawn XP percentage of total XP
 D = Spawn monster count
 E = Non-spawn monster count
 F = Spawn count percentage of total count
 G = Total turns spent on level
                    A         B        C        D         E        F      G
               +---------+---------+-------+---------+---------+-------+---------
         Total |       0 |      74 |   0.0 |       0 |      30 |   0.0 |   577
               +---------+---------+-------+---------+---------+-------+---------
           D:1 |       0 |       8 |   0.0 |       0 |       4 |   0.0 |   157
           D:2 |       0 |      42 |   0.0 |       0 |      14 |   0.0 |   264
           D:3 |       0 |      18 |   0.0 |       0 |      10 |   0.0 |   116
           D:4 |       0 |       6 |   0.0 |       0 |       2 |   0.0 |    40
               +---------+---------+-------+---------+---------+-------+---------

Table legend:
 A = Turns spent in this place as a percentage of turns spent in the entire game.
 B = Non-inter-level travel turns spent in this place as a percentage of non-inter-level travel turns spent in the entire game.
 C = Inter-level travel turns spent in this place as a percentage of turns spent in this place.
 D = Turns resting spent in this place as a percentage of non-inter-level travel turns spent in this place.
 E = Turns spent auto-exploring this place as a percentage of non-inter-level travel turns spent in this place.
 F = Non-inter-level travel turns spent in this place divided by the number of levels of this place that you've seen.
                   A       B       C       D       E      F
               +-------+-------+-------+-------+-------+----------------------
         Total | 100.0 | 100.0 |   0.0 |   0.0 |   0.0 | 144.2
       Dungeon | 100.0 | 100.0 |   0.0 |   0.0 |   0.0 | 144.2
               +-------+-------+-------+-------+-------+----------------------

Table legend:
 A = Kills in this place as a percentage of kills in entire the game.
 B = Kills by you in this place as a percentage of kills by you in the entire game.
 C = Kills by friends in this place as a percentage of kills by friends in the entire game.
 D = Other kills in this place as a percentage of other kills in the entire game.
 E = Experience gained in this place as a percentage of experience gained in the entire game.
 F = Experience gained in this place divided by the number of levels of this place that you have seen.
                   A       B       C       D       E      F
               +-------+-------+-------+-------+-------+----------------------
         Total | 100.0 | 100.0 |   N/A |   N/A | 100.0 |  18.5
       Dungeon | 100.0 | 100.0 |   N/A |   N/A | 100.0 |  18.5
               +-------+-------+-------+-------+-------+----------------------

Vault maps used:
D:1:      roderic_crossed_star, minmay_gold_behind_fungi, minmay_tripent
D:2:      minitemple
D:3:      kiku_gazebo_garden_becter, first_bread, kennysheep_doodads,
          nicolae_qazlal_eye_of_the_storm
D:4:      nicolae_overflow_crystal_walls, serial_shops, shop, uniq_eustachio
